 Dungeon Crawl Stone Soup version 0.19.5 (webtiles) character file.

228 equalderp2856 the Scratcher (level 5, 0/24 HPs)
             Began as a Felid Fighter on Mar 13, 2017.
             Slain by Grinder (6 damage)
             ... on level 6 of the Dungeon.
             The game lasted 00:13:03 (5635 turns).

equalderp2856 the Scratcher (Felid Fighter)         Turns: 5635, Time: 00:13:04

Health: 0/24       AC:  2    Str: 13    XL:     5   Next: 70%
Magic:  6/6        EV: 20    Int:  9    God:
Gold:   258        SH:  0    Dex: 17    Spells: 0 memorised, 4 levels left
                                        Lives:  0   Deaths: 1

rFire  . . .     SeeInvis +       - Unarmed
rCold  . . .     Gourm    .     (armour unavailable)
rNeg   . . .     Faith    .     (shield unavailable)
rPois  .         Spirit   .     (helmet unavailable)
rElec  .         Reflect  .     (cloak unavailable)
rCorr  .         Harm     .     (gloves unavailable)
MR     +....                    (boots unavailable)
Stlth  +++.......               (no amulet)
                                (no ring)
                                j - ring of protection from magic

@: drained, quick
A: no armour, no weapons or thrown items, stealth, claws 1, fangs 3, see
invisible, carnivore 3, speed 1, shaggy fur 2, slow metabolism 1, sharp paws
a: no special abilities


You were on level 6 of the Dungeon.
You were full.

You visited 1 branch of the dungeon, and saw 6 of its levels.

You collected 258 gold pieces.

Inventory:

Missiles
 i - 59 arrows
Jewellery
 j - a ring of protection from magic (left paw)
 q - an uncursed amulet of faith
Scrolls
 g - a scroll of blinking {unknown}
 h - 5 scrolls of remove curse {unknown}
 k - 10 scrolls of identify {unknown}
 p - a scroll of enchant armour {unknown}
Potions
 a - 2 potions of might
 c - a potion of resistance {unknown}
 d - 3 potions of brilliance {unknown}
 e - 3 potions of lignification {unknown}
 l - 2 potions of curing
 n - a potion of mutation {unknown}
 r - a potion of heal wounds {unknown}
 s - a potion of haste {unknown}
 t - a potion of degeneration {unknown}
Comestibles
 b - 4 meat rations
 f - 3 bread rations
 m - a beef jerky
 o - 4 fruits


   Skills:
 + Level 3.5(3.4) Fighting
 + Level 5.0 Dodging
 + Level 3.7(3.6) Stealth
 + Level 6.5(6.4) Unarmed Combat


You had 4 spell levels left.
You didn't know any spells.

Dungeon Overview and Level Annotations

Branches:
Dungeon (6/15)             Temple (0/1) D:6

Altars:
Dithmenos
Hepliaklqana
Xom
The Shining One

Annotations:
D:6 Grinder


Innate Abilities, Weirdness & Mutations

You cannot wear armour.
You are incapable of wielding weapons or throwing items.
Your paws allow you to move quietly. (Stealth)
You have sharp claws.
You have razor-sharp teeth.
You have supernaturally acute eyesight. (SInv)
You are carnivorous and can eat meat at any time.
You cover ground quickly.
You are covered in thick fur. (AC +2)
You have a slow metabolism.
Your sharp claws are effective at attacking unaware monsters.


Message History

Grinder is moderately wounded.
Grinder gestures at you.
You easily resist.
You barely miss Grinder.
Grinder is moderately wounded.
Grinder hits you.
You writhe in agony.
You barely miss Grinder. Your bite misses Grinder.
Grinder is moderately wounded.
Grinder hits you but does no damage.
You barely miss Grinder.
Grinder is moderately wounded.
You scratch Grinder.
Grinder is heavily wounded.
Grinder barely misses you.
You scratch Grinder.
Grinder is heavily wounded.
Grinder hits you.
* * * LOW HITPOINT WARNING * * *
You writhe in agony.
You die...

#.......# ...
##.....## ...
#.......# ....
#.......# .....
#.......# .....#
##.....##
......######...##
.........####.##
......5@......#
######........#
###.###..#
#.####.# #..# #.#
##.###.####
#........#
#........#
#........#


You could see Grinder.

Vanquished Creatures
  A hound (D:3)
  A gnoll shaman (D:4)
  3 worker ants
  A hound skeleton (D:4)
  3 adders
  5 gnolls (D:4)
  A white imp (D:5)
  3 oozes
  2 worms (D:2)
  3 dart slugs
  4 leopard geckos
  6 orcs
  2 giant cockroaches
  7 goblins
  14 hobgoblins
  14 jackals
  4 kobolds
  A quokka (D:2)
  4 ball pythons
  11 bats
  4 frilled lizards
  3 hobgoblin zombies (D:5)
  3 kobold skeletons (D:5)
  3 kobold zombies (D:5)
  A leopard gecko skeleton (D:3)
  An orc skeleton (D:5)
  8 rats
113 creatures vanquished.

Notes
Turn   | Place    | Note
-------+----------+-------------------------------------------
     0 | D:1      | equalderp2856 the Felid Fighter began the quest for the Orb.
     0 | D:1      | Reached XP level 1. HP: 10/10 MP: 2/2
   237 | D:1      | Reached XP level 2. HP: 13/14 MP: 3/3
   566 | D:1      | Reached XP level 3. HP: 17/17 MP: 4/4
  1269 | D:2      | Found a shimmering altar of Xom.
  1314 | D:2      | Reached skill level 5 in Unarmed Combat
  1590 | D:2      | Reached skill level 1 in Stealth
  1778 | D:2      | Reached XP level 4. HP: 21/21 MP: 5/5
  2461 | D:3      | Noticed a hungry ghost
  3666 | D:4      | Found a hazy altar of Hepliaklqana.
  3714 | D:5      | Entered Level 5 of the Dungeon
  3716 | D:5      | Reached XP level 5. HP: 15/24 MP: 6/6
  3728 | D:5      | Found a shadowy altar of Dithmenos.
  3888 | D:5      | Found a glowing golden altar of the Shining One.
  3962 | D:5      | Noticed a phantom
  3998 | D:4      | Noticed an ogre
  4038 | D:3      | Reached skill level 6 in Unarmed Combat
  4329 | D:4      | Found a shadowy altar of Dithmenos.
  5268 | D:4      | Gained mutation: You are covered in thick fur. (AC +2) [Felid growth]
  5268 | D:4      | Reached XP level 6. HP: 28/28 MP: 7/7
  5324 | D:4      | Slain by a gnoll
  5325 | D:4      | Reached XP level 5. HP: -1/24 MP: 6/6
  5381 | D:4      | Reached skill level 5 in Dodging
  5566 | D:6      | Found a staircase to the Ecumenical Temple.
  5626 | D:6      | Noticed Grinder
  5635 | D:6      | Slain by Grinder

Skill      XL: |  1  2  3  4  5 |
---------------+----------------+-----
Unarmed Combat | 5 6 |  6.5
Stealth        | 1 2 3 |  3.7
Dodging        | 5 |  5.0
Fighting       | |  3.5

Action                   |  1- 3 |  4- 6 || total
-------------------------+-------+-------++-------
Melee: Unarmed           |   105 |   231 ||   336
       Bite              |     7 |    28 ||    35
       Punch             |       |     4 ||     4
  Use: Potion            |       |     3 ||     3
 Stab: Sleeping          |     3 |     8 ||    11
       Distracted        |       |     2 ||     2
  Eat: Chunk             |     3 |    12 ||    15
Armor: Skin              |     7 |     6 ||    13
Dodge: Dodged            |   103 |   204 ||   307
